 Dungeon Crawl Stone Soup version 0.27.1 (webtiles) character file.

Game seed: 8255445126694557297

1047 acemry the Basher (level 8, 0/64 HPs)
             Began as a Minotaur Fighter on Sept 3, 2021.
             Was a Follower of Okawaru.
             Slain by a sixfirhy (10 damage)
             ... summoned by a kobold demonologist
             ... on level 6 of the Dungeon.
             The game lasted 00:11:28 (4706 turns).

acemry the Basher (Minotaur Fighter)                Turns: 4706, Time: 00:11:29

Health: 0/64       AC: 10    Str: 23    XL:     8   Next: 5%
Magic:  7/7        EV:  9    Int:  5    God:    Okawaru [*.....]
Gold:   73         SH:  4    Dex: 10    Spells: 7/7 levels left

rFire    . . .     SeeInvis .   a - +0 flail
rCold    + . .     Faith    .   q - +0 buckler
rNeg     . . .     Spirit   .   b - +0 scale mail
rPois    +         Reflect  .   (helmet restricted)
rElec    .         Harm     .   o - +0 cloak {rPois}
rCorr    .         Rampage  .   j - +0 pair of gloves
Will     .....                  w - +0 pair of boots
Stlth    ..........             r - amulet of regeneration
HPRegen  1.20/turn              l - +4 ring of slaying
MPRegen  0.10/turn              s - ring of protection from cold

@: no status effects
A: horns 2, retaliatory headbutt
a: Renounce Religion, Heroism


You were on level 6 of the Dungeon.
You worshipped Okawaru.
Okawaru was aware of your devotion.
You visited 1 branch of the dungeon, and saw 6 of its levels.

You collected 148 gold pieces.
You spent 75 gold pieces at shops.

Inventory:

Hand Weapons
 a - a +0 flail (weapon)
 x - a +0 antimagic quarterstaff
Missiles
 e - 55 sling bullets
 h - 121 arrows
 i - 8 curare-tipped darts (quivered)
 p - 25 bolts
Armour
 b - a +0 scale mail (worn)
 c - a +0 kite shield
 j - a +0 pair of gloves (worn)
 o - a +0 cloak of poison resistance (worn)
 q - a +0 buckler (worn)
 w - a +0 pair of boots (worn)
Jewellery
 l - a +4 ring of slaying (left hand)
 r - an amulet of regeneration (around neck)
 s - a ring of protection from cold (right hand)
 y - a ring of protection from fire
Wands
 n - a wand of acid (12)
 u - a wand of polymorph (5)
Scrolls
 k - 4 scrolls of blinking
 t - a scroll of enchant weapon
Potions
 d - a potion of might
 f - 3 potions of brilliance
 g - a potion of cancellation {unknown}
 m - 3 potions of haste {unknown}


   Skills:
 - Level 3.6 Fighting
 + Level 11.2 Maces & Flails
 - Level 3.6 Armour
 - Level 4.0 Shields


You had 7 spell levels left.
You didn't know any spells.
Your spell library contained the following spells:

 Spells                   Type           Power      Damage    Failure   Level
 Blink                    Tloc           N/A        N/A       89%         2
 Sublimation of Blood     Necr           0%         N/A       89%         2
 Wereblood                Tmut           0%         N/A       89%         2
 Lesser Beckoning         Tloc           0%         N/A       98%         3
 Leda's Liquefaction      Hex/Erth       0%         N/A       100%        4
 Bolt of Magma            Conj/Fire/Erth 0%         4d4       100%        5
 Manifold Assault         Tloc           0%         N/A       100%        5
 Statue Form              Tmut/Erth      0%         N/A       100%        6
 Summon Hydra             Summ           0%         N/A       100%        7
 Borgnjor's Revivificati  Necr           0%         N/A       100%        8
 Necromutation            Tmut/Necr      0%         N/A       100%        8
 Death's Door             Necr           0%         N/A       100%        9


Dungeon Overview and Level Annotations

Branches:
Dungeon (6/15)             Temple (0/1) D:6

Altars:
Fedhas
Nemelex Xobeh
Okawaru
Sif Muna
Zin

Shops:
D:4 ?

Annotations:
D:4 3 runed translucent doors, Lobster4's ghost, amateur HOFi


Innate Abilities, Weirdness & Mutations

You have a pair of horns on your head.
You reflexively headbutt those who attack you in melee.


Message History

The iron imp is severely wounded.
You hit the iron imp.
The iron imp is severely wounded.
The iron imp barely misses you.
You closely miss the iron imp.
The iron imp is severely wounded.
The iron imp barely misses you.
You hit the iron imp. You headbutt the iron imp.
You kill the iron imp!
The kobold demonologist mumbles some strange words.
You sock the sixfirhy!
The sixfirhy is moderately wounded.
The sixfirhy hits you. The sixfirhy shocks you!
The sixfirhy hits you but does no damage.
The sixfirhy completely misses you. You furiously retaliate!
You headbutt the sixfirhy. The sixfirhy hits you. The sixfirhy shocks you!
The sixfirhy closely misses you. You block the sixfirhy's attack.
The kobold demonologist casts a spell.
Your scale mail prevents you from hitting the kobold demonologist.
You headbutt the kobold demonologist!
The kobold demonologist is moderately wounded.
The sixfirhy hits you but does no damage.
The sixfirhy hits you. The sixfirhy shocks you!
The kobold demonologist hits you but does no damage.
You feel much better.
The kobold demonologist mumbles some strange words.
You sock the kobold demonologist!
The kobold demonologist is heavily wounded.
A kobold comes into view. It is wielding a +0 short sword.
You sock the kobold demonologist!
The kobold demonologist is severely wounded.
The sixfirhy barely misses you. The sixfirhy hits you! The sixfirhy shocks you!
The sixfirhy hits you. The sixfirhy shocks you!
* * * LOW HITPOINT WARNING * * *
You closely miss the kobold demonologist.
The kobold demonologist is severely wounded.
The sixfirhy hits you!
* * * LOW HITPOINT WARNING * * *
The sixfirhy shocks you!
You die...

♣♣. .. .. ♣.#####
♣♣♣.#8>8##KK
.♣♣♣♣♣...K......K
.......4.KK...5.K
.......5K3##
........K@.#
...........#
...........#
.......<..##
#...##...## ###
#####


You could see an orange demon (summoned), a kobold demonologist, a sixfirhy
(summoned), 2 kobold brigands, an iron imp (summoned) and 2 kobolds.

Vanquished Creatures
  A sky beast (D:5)
  A necrophage (D:4)
  2 black bears
  2 ogres (D:5)
  A scorpion (D:5)
  A jelly (D:4)
  2 hounds
  An orc priest (D:4)
  A bullfrog skeleton (D:5)
  Crazy Yiuf (D:5)
  Jessica (D:2)
  Terence (D:2)
  2 iguanas
  9 adders
  3 gnolls (D:2)
  2 dart slugs
  6 orcs
  7 bats
  6 endoplasms
  2 giant cockroaches
  6 goblins
  5 hobgoblins
  2 jackals (D:2)
  3 quokkas
  11 ball pythons
  3 frilled lizards
  5 kobolds
  7 rats
  A spectral hobgoblin (D:1)
95 creatures vanquished.

Notes
Turn   | Place    | Note
-------+----------+-------------------------------------------
     0 | D:1      | acemry the Minotaur Fighter began the quest for the Orb.
     0 | D:1      | Reached XP level 1. HP: 19/19 MP: 0/0
   149 | D:1      | Reached skill level 3 in Maces & Flails
   252 | D:1      | Reached XP level 2. HP: 23/26 MP: 1/1
   517 | D:1      | Found a faded altar of an unknown god.
   631 | D:1      | Reached skill level 4 in Maces & Flails
   841 | D:2      | Noticed Jessica
   845 | D:2      | Killed Jessica
   846 | D:2      | Reached XP level 3. HP: 31/31 MP: 2/2
   883 | D:2      | Reached skill level 5 in Maces & Flails
   912 | D:2      | Reached XP level 4. HP: 39/39 MP: 3/3
  1309 | D:2      | Reached skill level 6 in Maces & Flails
  1335 | D:2      | Noticed Terence
  1344 | D:2      | Killed Terence
  1345 | D:2      | Reached XP level 5. HP: 30/45 MP: 4/4
  1535 | D:2      | Found a shimmering blue altar of Sif Muna.
  2269 | D:3      | Reached skill level 7 in Maces & Flails
  2906 | D:4      | Found a blossoming altar of Fedhas.
  2948 | D:4      | Noticed a necrophage
  2954 | D:4      | Killed a necrophage
  2955 | D:4      | Reached skill level 8 in Maces & Flails
  2955 | D:4      | Reached XP level 6. HP: 47/51 MP: 5/5
  3069 | D:4      | Found an iron altar of Okawaru.
  3089 | D:4      | Became a worshipper of Warmaster Okawaru
  3110 | D:4      | Found a runed translucent gate.
  3111 | D:4      | Found a runed translucent gate.
  3111 | D:4      | Found a runed translucent gate.
  3111 | D:4      | Noticed Lobster4's ghost (amateur HOFi)
  3131 | D:4      | Found Suphyser's Magic Scroll Shop.
  3150 | D:4      | Bought a scroll of enchant weapon for 75 gold pieces
  3204 | D:4      | Found a glowing silver altar of Zin.
  3391 | D:4      | Reached skill level 9 in Maces & Flails
  3654 | D:5      | Entered Level 5 of the Dungeon
  3654 | D:5      | Noticed a sky beast
  3660 | D:5      | Reached XP level 7. HP: 49/57 MP: 6/6
  4031 | D:5      | Found a sparkling altar of Nemelex Xobeh.
  4073 | D:5      | Reached * piety under Okawaru
  4074 | D:5      | Reached skill level 10 in Maces & Flails
  4339 | D:5      | Reached skill level 11 in Maces & Flails
  4395 | D:5      | Reached XP level 8. HP: 58/64 MP: 7/7
  4489 | D:5      | Found a runed translucent door.
  4490 | D:5      | Noticed Crazy Yiuf
  4638 | D:5      | Killed Crazy Yiuf
  4685 | D:6      | Found a staircase to the Ecumenical Temple.
  4689 | D:6      | Noticed a kobold demonologist
  4700 | D:6      | Noticed a sixfirhy
  4704 | D:6      | Noticed an orange demon
  4706 | D:6      | Slain by a sixfirhy

Illustrated notes

Levels and vault maps discovered:
D:1:      doesnt_arrival_eight_statues, layout_rooms,
          dreamdust_ecumenical_altar_drowned_temple
D:2:      layout_basic, basic_altar, minmay_tromino_v2, uniq_jessica,
          uniq_terence
D:3:      layout_loops_ring
D:4:      layout_loops_ring, mainiacjoe_overflow_surrounded_room,
          mainiacjoe_overflow_tiny_flanked, old_standard_altar, serial_shops,
          shop, ebering_ghost_rock_garden
D:5:      cheibrodos_iron_armory, layout_loops_corners,
          nemelex_dance_club_becter, portal_sewer_entry_d,
          uniq_crazy_yiuf_cottage
D:6:      layout_rooms, kennysheep_mini, mainiacjoe_overflow_catch_the_wave,
          temple_statues, columned_hall_lemuel, roderic_nine_men_s_morris,
          uniq_prince_ribbit1, uniq_edmund, uniq_menkaure, uniq_eustachio

Skill      XL: |  1  2  3  4  5  6  7 |
---------------+----------------------+-----
Maces & Flails | 3 4 5 6 8 9 11 | 11.2
Shields        | 4 |  4.0
Fighting       | |  3.6
Armour         | |  3.6

Action                   |  1- 3 |  4- 6 |  7- 9 || total
-------------------------+-------+-------+-------++-------
Melee: Flail             |    58 |   117 |    51 ||   226
       Headbutt          |     3 |    19 |     8 ||    30
  Use: Scroll            |     4 |     4 |     1 ||     9
       Potion            |       |       |     1 ||     1
Armor: Scale mail        |    30 |    38 |    11 ||    79
Dodge: Dodged            |    26 |    71 |    20 ||   117
Block: Kite shield       |     1 |       |       ||     1
       Buckler           |       |     6 |     6 ||    12
